 Dungeon Sprint DCSS version 0.30.1-9-gdf580d7c3d (webtiles) character file.

Game seed: 4273142197013004581

12921 Heoruswealwe the Phalangite (level 11, -3/115 (118) HPs)
             Began as a Minotaur Fighter on Oct 19, 2023.
             Was an Initiate of Gozag.
             Killed by divine providence
             ... invoked by a smoke demon
             ... summoned by an orc high priest
              (15 damage)
             ... in the Dungeon (Sprint IX: "|||||||||||||||||||||||||||||").
             The game lasted 00:14:44 (1764 turns).

Heoruswealwe the Phalangite (Minotaur Fighter)      Turns: 1764, Time: 00:14:46

HP:   -3/115 (118)  AC: 32    Str: 26    XL:     11   Next: 68%
MP:   10/10         EV: 10    Int:  5    God:    Gozag
Gold: 6408          SH:  0    Dex:  9    Spells: 10/10 levels left

rFire   . . .        b - +2 halberd (protect)
rCold   . . .        (shield currently unavailable)
rNeg    . . .        s - +0 plate armour
rPois   .            (helmet restricted)
rElec   .            h - +0 cloak
rCorr   .            f - +0 pair of gloves
SInv    .            e - +0 pair of boots
Will    .....        (no amulet) Stlth
                     k - +2 ring of evasion
HPRegen 0.39/turn    j - +2 ring of protection
MPRegen 0.12/turn

%: no teleportation
@: gold aura, under a protective aura, lightly drained
A: horns 2, retaliatory headbutt
a: Renounce Religion, Potion Petition, Call Merchant, Bribe Branch


You were in the Dungeon.
You worshipped Gozag.
Gozag was greatly pleased with you.
You visited 1 branch You collected 6408 gold pieces.

Inventory:

Hand Weapons
 a - a +0 trident
 b - a +2 halberd of protection (weapon)
 c - a +0 glaive
Armour
 d - a +0 buckler
 e - a +0 pair of boots (worn)
 f - a +0 pair of gloves (worn)
 h - a +0 cloak (worn)
 s - a +0 plate armour (worn)
Jewellery
 j - a +2 ring of protection (right hand)
 k - a +2 ring of evasion (left hand)
Wands
 l - a wand of roots (16)
Scrolls
 o - 2 scrolls of enchant armour
 q - a scroll of identify
Potions
 g - a potion of haste
 i - a potion of berserk rage
 m - a potion of might


   Skills:
 + Level 17.9 Fighting
 * Level 24.0 Polearms
 + Level 17.9 Armour
 - Level 3.6 Shields


You had 10 spell levels left.
You didn't know any spells.
Your spell library contained the following spells:

 Spells                   Type           Power      Damage    Failure   Level
 Fireball                 Conj/Fire      0%         3d3       100%        5
 Iskenderun's Battlesphe  Conj           0%         2d6       100%        5
 Conjure Ball Lightning   Conj/Air       0%         3x3d6     100%        6
 Orb of Destruction       Conj           0%         9d5       100%        7


Dungeon Overview and Level Annotations

Branches:
Dungeon (1/1)

Altars:
Cheibriados
Dithmenos
Elyvilon
Fedhas
Gozag
Hepliaklqana
Kikubaaqudgha
Makhleb
Nemelex Xobeh
Okawaru
Qazlal
Ru
Sif Muna
Trog
Uskayaw
Vehumet
Wu Jian
Xom
Yredelemnul
Zin
The Shining One
Jiyva
Lugonu

Shops:
D *?


Innate Abilities, Weirdness & Mutations

You have a pair of horns on your head.
You reflexively headbutt those who attack you in melee.


Message History

You slash the orc high priest!
Your headbutt misses the orc high priest.
The orc high priest is heavily wounded.
The orc high priest barely misses you.
You closely miss the orc high priest. You headbutt the orc high priest!
The orc high priest is severely wounded.
The hellwing is no longer distracted by gold.
The ynoxinul gestures.
The smoke demon gestures at you. Beogh smites you!
* * * LOW HITPOINT WARNING * * *
The orc high priest prays to Beogh.
You barely miss the orc high priest. You headbutt the orc high priest!
The orc high priest is almost dead.
The ynoxinul hits you but does no damage.
The orc high priest hits you but does no damage.
You closely miss the orc high priest.
The orc high priest is almost dead.
You closely miss the orc high priest.
Your headbutt misses the orc high priest.
The orc high priest is almost dead.
The ynoxinul hits you but does no damage.
The smoke demon gestures at you. Beogh smites you!
* * * LOW HITPOINT WARNING * * *
The orc high priest mumbles some strange prayers to Beogh.
You closely miss the orc high priest.
You headbutt the orc high priest, but do no damage.
The orc high priest is almost dead.
The ynoxinul closely misses you. You furiously retaliate!
You headbutt the ynoxinul!
The orc high priest completely misses you.
You hit the orc high priest. You headbutt the orc high priest.
You kill the orc high priest!
The ynoxinul disappears in a puff of smoke!
The ufetubus disappears in a puff of smoke!
The hellwing disappears in a puff of smoke!
The smoke demon gestures at you. Beogh smites you!
You die...
Your body crumbles into a pile of gold.

▓_▓.▓.▓.▓.▓
▓_▓.▓'▓.▓.▓
▓_▓.▓.▓)▓)▓
▓_▓.▓.▓.▓4▓
▓_▓.▓.▓.▓3▓
▓_▓.▓.▓.▓o▓
▓'▓.▓.▓.▓)▓
▓.▓.▓?▓.▓4▓
▓.▓.▓?▓.▓@▓
▓.▓.▓!▓.▓§▓
▓.▓.▓?▓.▓§▓
▓.▓.▓.▓.▓§▓
▓)▓.▓.▓.▓.▓
▓.▓.▓!▓.▓.▓
▓.▓.▓.▓.▓.▓
▓.▓.▓'▓.▓.▓
▓.▓.▓.▓.▓.▓


You could see an orc high priest, a smoke demon (summoned) and 2 chaos spawn.

Vanquished Creatures
  A death yak (D)
  A boulder beetle (D)
  4 orc high priests (D)
  3 lindwurms (D)
  2 orc knights (D)
  An ugly thing (D)
  An elephant (D)
  Maurice (D)
  2 black mambas (D)
  2 cane toads (D)
  2 gargoyles (D)
  An unseen horror (D)
  4 komodo dragons (D)
  A troll (D)
  3 tyrant leeches (D)
  A polar bear (D)
  A slime creature (D)
  A culicivora (shapeshifter) (D)
  A shadow (D)
  2 wraiths (D)
  A yak (D)
  A basilisk (D)
  A water moccasin (D)
  9 orc warriors (D)
  3 wolves (D)
  A centaur (D)
  2 scorpions (D)
  4 orc priests (D)
  6 orc wizards (D)
  An ufetubus (D)
  2 worms (D)
  9 orcs (D)
  An endoplasm (D)
  A goblin (D)
  A jackal (D)
  2 quokkas (D)
  A rat (D)
81 creatures vanquished.

Notes
Turn   | Place    | Note
-------+----------+-------------------------------------------
     0 | D        | Heoruswealwe the Minotaur Fighter began the quest for the
                  | Orb.
     0 | D        | Reached XP level 1. HP: 19/19 MP: 0/0
     6 | D        | Reached skill level 3 in Polearms
    23 | D        | Noticed a scorpion
    23 | D        | Noticed a scorpion
    25 | D        | Reached skill level 4 in Polearms
    25 | D        | Reached XP level 2. HP: 28/28 MP: 1/1
    30 | D        | Killed a scorpion
    31 | D        | Reached skill level 5 in Fighting
    31 | D        | Reached skill level 7 in Polearms
    31 | D        | Reached skill level 5 in Armour
    31 | D        | Reached XP level 3. HP: 32/37 MP: 2/2
    31 | D        | Reached XP level 4. HP: 39/44 MP: 3/3
    44 | D        | Killed a scorpion
    45 | D        | Reached skill level 8 in Polearms
    51 | D        | Found a snail-covered altar of Cheibriados.
    51 | D        | Found a shadowy altar of Dithmenos.
    51 | D        | Found a white marble altar of Elyvilon.
    51 | D        | Found a blossoming altar of Fedhas.
    51 | D        | Found an opulent altar of Gozag.
    52 | D        | Found a hazy altar of Hepliaklqana.
    53 | D        | Found a viscous altar of Jiyva.
    54 | D        | Found an ancient bone altar of Kikubaaqudgha.
    55 | D        | Found a corrupted altar of Lugonu.
    56 | D        | Found a burning altar of Makhleb.
    57 | D        | Found a sparkling altar of Nemelex Xobeh.
    58 | D        | Found an iron altar of Okawaru.
    59 | D        | Became a worshipper of Gozag Ym Sagoz the Greedy
    60 | D        | Found a stormy altar of Qazlal.
    61 | D        | Found a sacrificial altar of Ru.
    62 | D        | Found a shimmering blue altar of Sif Muna.
    63 | D        | Found a bloodstained altar of Trog.
    64 | D        | Found a hide-covered altar of Uskayaw.
    65 | D        | Found a radiant altar of Vehumet.
    66 | D        | Found an ornate altar of the Wu Jian Council.
    67 | D        | Found a shimmering altar of Xom.
    68 | D        | Found a basalt altar of Yredelemnul.
    69 | D        | Found a glowing silver altar of Zin.
    70 | D        | Found a glowing golden altar of the Shining One.
   150 | D        | Noticed a wraith
   150 | D        | Noticed a wraith
   150 | D        | Noticed a shadow
   150 | D        | Noticed a centaur
   152 | D        | Killed a centaur
   153 | D        | Reached skill level 10 in Polearms
   153 | D        | Reached XP level 5. HP: 41/53 MP: 4/4
   155 | D        | Killed a shadow
   156 | D        | Reached skill level 11 in Polearms
   156 | D        | Reached XP level 6. HP: 50/63 MP: 5/5
   168 | D        | Killed an unseen horror
   169 | D        | Reached skill level 10 in Fighting
   169 | D        | Reached skill level 13 in Polearms
   169 | D        | Reached skill level 10 in Armour
   169 | D        | Reached XP level 7. HP: 42/72 MP: 6/6
   174 | D        | Killed a wraith
   175 | D        | Reached skill level 14 in Polearms
   179 | D        | Killed a wraith
   271 | D        | Noticed a slime creature
   271 | D        | Noticed a gargoyle
   271 | D        | Noticed a culicivora
   271 | D        | Noticed a gargoyle
   271 | D        | Noticed a brown ugly thing
   271 | D        | Noticed a troll
   280 | D        | Killed a troll
   281 | D        | Reached skill level 15 in Polearms
   281 | D        | Reached XP level 8. HP: 67/82 MP: 7/7
   297 | D        | Killed a brown ugly thing
   298 | D        | Reached skill level 16 in Polearms
   301 | D        | Killed a gargoyle
   307 | D        | Killed a culicivora
   308 | D        | Reached XP level 9. HP: 38/92 MP: 8/8
   317 | D        | Killed a gargoyle
   318 | D        | Reached skill level 17 in Polearms
   582 | D        | Noticed a cane toad
   582 | D        | Noticed a black mamba
   584 | D        | Noticed a komodo dragon
   592 | D        | Reached skill level 18 in Polearms
   592 | D        | Noticed a polar bear
   594 | D        | Noticed a komodo dragon
   600 | D        | Killed a black mamba
   610 | D        | Killed a cane toad
   616 | D        | Killed a komodo dragon
   617 | D        | Reached skill level 19 in Polearms
   621 | D        | Killed a polar bear
   622 | D        | Reached XP level 10. HP: 45/104 MP: 9/9
   795 | D        | Noticed a black mamba
   795 | D        | Noticed a boulder beetle
   801 | D        | Noticed an elephant
   809 | D        | Reached skill level 20 in Polearms
   811 | D        | Reached skill level 15 in Fighting
   811 | D        | Reached skill level 15 in Armour
   813 | D        | Killed a black mamba
   817 | D        | Noticed a cane toad
   820 | D        | Noticed a death yak
   825 | D        | Killed an elephant
   829 | D        | Killed a cane toad
   842 | D        | Killed a death yak
   843 | D        | Reached skill level 21 in Polearms
   843 | D        | Killed a boulder beetle
  1004 | D        | Noticed a lindwurm
  1004 | D        | Noticed a lindwurm
  1004 | D        | Noticed a lindwurm
  1010 | D        | Killed a lindwurm
  1016 | D        | Killed a lindwurm
  1017 | D        | Reached skill level 22 in Polearms
  1017 | D        | Reached XP level 11. HP: 41/115 MP: 10/10
  1208 | D        | Killed a lindwurm
  1316 | D        | Noticed Maurice
  1329 | D        | Killed Maurice
  1391 | D        | Noticed an orc knight
  1403 | D        | Killed an orc knight
  1525 | D        | Noticed an orc knight
  1530 | D        | Reached skill level 23 in Polearms
  1539 | D        | Killed an orc knight
  1661 | D        | Found Isymm's Magic Scroll Boutique.
  1661 | D        | Noticed an orc high priest
  1661 | D        | Noticed an orc high priest
  1669 | D        | Noticed an orc high priest
  1673 | D        | Noticed an orc high priest
  1676 | D        | Noticed an orc high priest
  1680 | D        | Killed an orc high priest
  1681 | D        | Found Geip's General Store.
  1685 | D        | Killed an orc high priest
  1687 | D        | Noticed a sun demon
  1740 | D        | Killed an orc high priest
  1741 | D        | Reached skill level 24 in Polearms
  1746 | D        | Noticed a soul eater
  1764 | D        | Killed an orc high priest
  1764 | D        | Killed from afar by a smoke demon

Illustrated notes

Levels and vault maps discovered:
D:        linesprint [early_d, line_temple, items_1, d_10, items_2, lair_1,
          lair_end, items_3, orc_1, orc_end, items_4, d_15, swamp_1, shoals_1,
          snake_1, spider_1, d_20, vaults_1, items_5, swamp_end, shoals_end,
          snake_end, spider_end, vaults_end, d_27, items_6, zot_1, zot_end,
          crypt_end, forest_end, elf_end, slime_end, tomb_end, abyss_end,
          pan_hell_end]

Skill      XL: |  1  2  3  4  5  6  7  8  9 10 11 |
---------------+----------------------------------+-----
Polearms       | 4 7 10 11 13 15 16 19 22 24 | 24.0
Fighting       | 4 5 7 9 10 11 12 14 16 17 | 17.9
Armour         | 4 5 7 9 10 11 12 14 16 17 | 17.9
Shields        | |  3.6

Action                     |  1- 3 |  4- 6 |  7- 9 | 10-12 || total
---------------------------+-------+-------+-------+-------++-------
  Melee: Trident           |    19 |    14 |       |       ||    33
         Headbutt          |     2 |     6 |    24 |    51 ||    83
         Halberd           |       |    15 |    94 |   221 ||   330
    Use: Potion            |       |       |     4 |     8 ||    12
         Scroll            |       |       |       |     3 ||     3
   Stab: Distracted        |       |       |       |     2 ||     2
 Armour: Scale mail        |     4 |    19 |    29 |    29 ||    81
         Plate armour      |       |       |       |    23 ||    23
         Chain mail        |       |       |       |     8 ||     8
  Dodge: Dodged            |     6 |     2 |    29 |    41 ||    78
  Block: Buckler           |     6 |     4 |       |       ||    10
